 Dungeon Crawl Stone Soup version 0.30-a0-702-gdf48620a09 (webtiles) character file.

Game seed: 1802205451990790734

51 HoaS the Ruffian (level 3, -5/29 HPs)
             Began as a Demigod Gladiator on Jan 21, 2023.
             Splashed by a jelly's acid (7 damage)
             ... on level 5 of the Dungeon.
             The game lasted 00:06:47 (2049 turns).

HoaS the Ruffian (Demigod Gladiator)                Turns: 2049, Time: 00:06:47

Health: -5/29      AC: 11    Str: 19    XL:     3   Next: 36%
Magic:  5/5        EV:  8    Int: 10    God:
Gold:   128        SH:  0    Dex: 15    Spells: 2/2 levels left

rFire   . . .      SeeInvis .      - Unarmed
rCold   . . .      Faith    .    (no shield)
rNeg    . . .      Spirit   .    e - +0 chain mail
rPois   .          Reflect  .    b - +1 helmet
rElec   .          Harm     .    (no cloak)
rCorr   .          Rampage  .    i - +0 pair of gloves
Will    .....                    (no boots) Stlth
                                 (no amulet)
HPRegen 0.24/turn                (no ring)
MPRegen 0.09/turn                (no ring)

@: no status effects
A: high MP 1, forlorn, divine attributes
a: no special abilities


You were on level 5 of the Dungeon.
You visited 1 branch of the dungeon, and saw 4 of its levels.

You collected 176 gold pieces.
You spent 48 gold pieces at shops.

Inventory:

Missiles
 c - 4 throwing nets (quivered)
 d - a javelin
Armour
 b - a +1 helmet (worn)
 e - a +0 chain mail (worn)
 i - a +0 pair of gloves (worn)
Scrolls
 g - a scroll of fog
 k - a scroll of noise {unknown}
 m - a scroll of identify
Potions
 a - a potion of mutation {unknown}
 f - 3 potions of curing
 h - 2 potions of might
 j - a potion of brilliance {unknown}
 l - a potion of cancellation {unknown}


   Skills:
 - Level 1.7 Fighting
 - Level 1.7 Throwing
 - Level 2.6 Dodging
 + Level 4.2 Unarmed Combat


You had 2 spell levels left.
You didn't know any spells.
Your spell library was empty.

Dungeon Overview and Level Annotations

Branches:
Dungeon (3/15)

Shops:
D:1 !   D:5 =


Innate Abilities, Weirdness & Mutations

You have an increased reservoir of magic. (+10% MP)
You shall have no god before yourself.
Your divine heritage dramatically boosts your attributes as you level up.


Message History

The phantom is heavily damaged.
The phantom hits you but does no damage.
You hit the phantom but do no damage.
The phantom is heavily damaged.
The phantom barely misses you.
You hit the phantom.
The phantom is severely damaged.
The hound bites you but does no damage. The jelly hits you but does no damage.
The phantom barely misses you. The hound barely misses you.
You hit the phantom.
The phantom is almost destroyed.
The hound closely misses you. The jelly hits you but does no damage.
The phantom barely misses you.
You hit the phantom.
The phantom is almost destroyed.
The hound bites you.
The jelly jiggles.
The jelly hits you but does no damage. The phantom hits you.
The hound bites you but does no damage.
You are too injured to fight recklessly!
You are too injured to fight recklessly!
You miss the phantom.
The phantom is almost destroyed.
The hound bites you but does no damage. The phantom barely misses you.
The jelly hits you.
You are splashed with acid!
* * * LOW HITPOINT WARNING * * *
You miss the phantom.
The phantom is almost destroyed.
The hound barely misses you. The phantom closely misses you.
The jelly hits you but does no damage.
You hit the phantom but do no damage.
The phantom is almost destroyed.
The hound completely misses you. The hound bites you but does no damage.
The jelly hits you but does no damage. The phantom barely misses you.
You hit the phantom.
The phantom is almost destroyed.
The hound bites you but does no damage. The jelly hits you.
* * * LOW HITPOINT WARNING * * *
You are splashed with acid!
You die...

#...#
#############....#
.................#
..................
..................
..................
#...............
#.....J....#
#...h@.....#
##...W.....#
#........##
##.......#
#.......#
#########


You could see a phantom, a hound and a jelly.

Vanquished Creatures
  An adder (D:2)
  A worm (D:2)
  7 bats
  7 endoplasms
  3 goblins (D:1)
  2 hobgoblins
  3 jackals (D:1)
  2 frilled lizards (D:1)
  6 kobolds
  5 rats
37 creatures vanquished.

Notes
Turn   | Place    | Note
-------+----------+-------------------------------------------
     0 | D:1      | HoaS the Demigod Gladiator began the quest for the Orb.
     0 | D:1      | Reached XP level 1. HP: 17/17 MP: 3/3
   103 | D:1      | Reached skill level 3 in Unarmed Combat
   152 | D:1      | Found Baexelu's Distillery.
   160 | D:1      | Bought a potion of might for 48 gold pieces
   558 | D:1      | Reached XP level 2. HP: 21/24 MP: 4/4
  1152 | D:2      | Reached XP level 3. HP: 24/29 MP: 5/5
  1240 | D:2      | Reached skill level 4 in Unarmed Combat
  1926 | D:3      | You fall into a shaft and drop 2 floors!
  1926 | D:5      | Entered Level 5 of the Dungeon
  1966 | D:5      | Found Geseeto's One-of-a-Kind Rings.
  2016 | D:5      | Noticed a lemure
  2019 | D:5      | Noticed a phantom
  2049 | D:5      | Splashed by a jelly's acid

Illustrated notes

Levels and vault maps discovered:
D:1:      dpeg_arrival_orchard, layout_loops_ring,
          hellmonk_ecumenical_altar_lost_god, serial_shops, shop,
          amcnicky_mini_rare_corridor_liquid
D:2:      layout_basic
D:3:      layout_loops_cross, amcnicky_altar_gilded
D:5:      layout_cave_pods, lemuel_tele_altar, portal_sewer_entry_e,
          nicolae_shop_unique_rings, uniq_pikel

Skill      XL: |  1  2  3 |
---------------+----------+-----
Unarmed Combat | 3 4 |  4.2
Fighting       | |  1.7
Throwing       | |  1.7
Dodging        | |  2.6

Action                   || total
-------------------------++-------
Melee: Unarmed           ||   154
       Punch             ||     3
  Use: Scroll            ||     8
Armor: Chain mail        ||    80
Dodge: Dodged            ||    65

Table legend: (Time is in decaauts)
 A = Elapsed time spent in this place.
 B = Non-inter-level travel time spent in this place.
 C = Inter-level travel time spent in this place.
 D = Time resting spent in this place.
 E = Time spent auto-exploring this place.
 F = Levels seen in this place.
 G = Mean time per level.
                   A        B        C        D        E       F      G
               +--------+--------+--------+--------+--------+-----+--------+
         Total |   2039 |   1999 |     40 |    208 |   1310 |   4 |  509.8 |
       Dungeon |   2039 |   1999 |     40 |    208 |   1310 |   4 |  509.8 |
               +--------+--------+--------+--------+--------+-----+--------+

Top non-repeatable levels by time:
     D:1: 912 daAuts
     D:2: 897 daAuts
     D:5: 120 daAuts
     D:3: 108 daAuts
